 Dungeon Crawl Stone Soup version 0.19.5 (webtiles) character file.

64 galech the Skirmisher (level 4, 0/49 HPs)
             Began as an Ogre Fighter on Mar 1, 2017.
             Slain by a gnoll
             ... wielding a +0 club
              (8 damage)
             ... on level 1 of the Dungeon.
             The game lasted 00:03:31 (2114 turns).

galech the Skirmisher (Ogre Fighter)                Turns: 2114, Time: 00:03:31

Health: 0/49       AC:  3    Str: 22    XL:     4   Next: 12%
Magic:  4/4        EV:  8    Int:  7    God:
Gold:   73         SH:  9    Dex:  9    Spells: 0 memorised, 3 levels left

rFire  . . .     SeeInvis .     i - -3 whip (curse)
rCold  . . .     Gourm    .     b - +0 robe
rNeg   . . .     Faith    .     c - +1 shield
rPois  .         Spirit   .     (helmet restricted)
rElec  .         Reflect  .     (no cloak)
rCorr  .         Harm     .     (gloves unavailable)
MR     .....                    (boots unavailable)
Stlth  +.........               (no amulet)
                                (no ring)
                                (no ring)

@: no status effects
A: unfitting armour, tough skin 1
a: no special abilities


You were on level 1 of the Dungeon.
You were very hungry.

You visited 1 branch of the dungeon, and saw 2 of its levels.

You collected 73 gold pieces.

Inventory:

Hand Weapons
 a - a +0 flail
 i - a cursed -3 whip (weapon)
Armour
 b - a +0 robe (worn)
 c - a +1 shield (worn)
Scrolls
 e - a scroll of identify
 g - a scroll of fog
 h - 2 scrolls of fear
Potions
 d - 4 potions of might
 k - 2 potions of mutation {unknown}
Comestibles
 f - 4 bread rations


   Skills:
 + Level 4.5 Fighting
 + Level 3.7 Maces & Flails
 + Level 3.2 Dodging
 + Level 3.2 Shields


You had 3 spell levels left.
You didn't know any spells.

Dungeon Overview and Level Annotations

Branches:
Dungeon (2/15)

Altars:
Zin

Shops:
D:2 *


Innate Abilities, Weirdness & Mutations

You are too large for most types of armour.
You have tough skin. (AC +1)


Message History

You are too injured to fight recklessly!
You are too injured to fight recklessly!
You are too injured to fight recklessly!
You are too injured to fight recklessly!
You are too injured to fight recklessly!
You are too injured to fight recklessly!
You are too injured to fight recklessly!
You are too injured to fight recklessly!
You are too injured to fight recklessly!
You are too injured to fight recklessly!
You are too injured to fight recklessly!
You are too injured to fight recklessly!
You hit the gnoll but do no damage. The gnoll hits you with a club.
* * * LOW HITPOINT WARNING * * *
You hit the gnoll but do no damage. You block the gnoll's attack.
You closely miss the gnoll. The gnoll hits you but does no damage.
You hit the gnoll.
The gnoll is moderately wounded.
The gnoll hits you with a club!
You die...

#...# #.##### #...# #......
#...# ####### ###...#### #
#........########### #######
#................... #....)#
#...................
#.....########)###########.....
#.....+......g@................
#.....########'###########.####
#....)# #...# #.# #.....# #...#
########.# #####.#######...#
#........####
#.......###'####........#...
#.......# #...........(.#.#.
#..[....########.......##.#.
#.......'...............#.#.


You could see a gnoll.

Vanquished Creatures
  A gnoll (D:1)
  An ooze (D:1)
  A worm (D:2)
  2 dart slugs
  4 leopard geckos
  6 bats
  A giant cockroach (D:1)
  4 goblins
  2 hobgoblins
  2 jackals (D:2)
  2 quokkas
  A ball python (D:2)
  2 frilled lizards (D:2)
  4 kobolds
  6 rats
39 creatures vanquished.

Notes
Turn   | Place    | Note
-------+----------+-------------------------------------------
     0 | D:1      | galech the Ogre Fighter began the quest for the Orb.
     0 | D:1      | Reached XP level 1. HP: 24/24 MP: 1/1
   130 | D:1      | Reached XP level 2. HP: 15/32 MP: 2/2
   561 | D:1      | Reached XP level 3. HP: 29/40 MP: 3/3
   808 | D:2      | Found Zin's Purification Station.
   833 | D:2      | Found a glowing silver altar of Zin.
  1792 | D:1      | Reached XP level 4. HP: 20/49 MP: 4/4
  2114 | D:1      | Slain by a gnoll

Skill      XL: |  1  2 |
---------------+-------+-----
Maces & Flails | 3 |  3.7
Dodging        | 3 |  3.2
Shields        | 3 |  3.2
Fighting       | |  4.5

Action                   |  1- 3 |  4- 6 || total
-------------------------+-------+-------++-------
Melee: Whip              |   227 |    22 ||   249
       Flail             |     1 |       ||     1
  Use: Scroll            |     6 |       ||     6
 Stab: Sleeping          |     1 |       ||     1
  Eat: Chunk             |     3 |       ||     3
Armor: Robe              |    66 |     3 ||    69
Dodge: Dodged            |    79 |     8 ||    87
Block: Shield            |   107 |     8 ||   115
